 Dungeon Crawl Stone Soup version 0.31.0-11-ge490571c62 (webtiles) character file.

Game seed: 424921059699985632

2849 Gadfly the Ruffian (level 9, -4/66 (74) HPs)
             Began as a Pale Draconian Shapeshifter on Jan 26, 2024.
             Slain by a spriggan
             ... wielding a +3 scimitar of holy wrath
              (5 damage)
             ... in a bailey.
             The game lasted 00:15:31 (7884 turns).

Gadfly the Ruffian (Pale Draconian Shapeshifter)    Turns: 7884, Time: 00:15:32

HP:   -4/66 (74)    AC:  7    Str: 20    XL:     9   Next: 46%
MP:   0/9           EV: 14    Int: 10    God:
Gold: 323           SH:  0    Dex: 12    Spells: 2/8 levels left

rFire   . .          .
                       - Unarmed
rCold   . . .        (no shield)
rNeg    . . .        (body armour unavailable)
rPois   .            (helmet currently unavailable)
rElec   .            v - melded +0 cloak
rCorr   .            (gloves currently unavailable)
SInv    .            o - melded +0 pair of boots
Will    .....        q - amulet of guardian spirit
Stlth   +            e - ring of flight
HPRegen 0.31/turn    (no ring)
MPRegen 0.11/turn

%: guardian spirit
@: beast-form, flying, heavily drained
A: beast (slay +3), breathe steam, AC +7, unfitting armour, cold-blooded, steam
resistance
a: Breathe Steam, Begin Untransformation


You were in a bailey.
You were a hulking beast.
You visited 1 branch of the dungeon, and saw 7 of its levels.
You also visited: Sewer and Bailey.

You collected 323 gold pieces.

Inventory:

Hand Weapons
 b - a +4 quarterstaff of chaos
Missiles
 d - 2 throwing nets
Armour
 o - a +0 pair of boots (melded)
 v - a +0 cloak (melded)
Jewellery
 e - a ring of flight (left hand)
 q - an amulet of guardian spirit (around neck)
Talismans
 c - a flux talisman
 f - a beast talisman (active)
Wands
 m - a wand of flame (47)
 n - a wand of paralysis (12)
 t - a wand of mindburst (12)
 u - a wand of polymorph (12)
Scrolls
 l - a scroll of fear
 r - 4 scrolls of blinking
 s - a scroll of enchant weapon
Potions
 a - 3 potions of lignification
 g - a potion of might
 h - 2 potions of enlightenment
 i - 2 potions of heal wounds
 j - 3 potions of curing
 k - a potion of haste
 p - a potion of attraction


   Skills:
 + Level 5.4 Fighting
 + Level 5.8 Dodging
 * Level 7.0 Unarmed Combat
 + Level 5.8 Evocations
 * Level 6.5 Shapeshifting


You had 2 spell levels left.
You knew the following spells:

 Your Spells              Type           Power      Damage    Failure   Level
a - Ozocubu's Armour      Ice            0%         N/A       75%         3
b - Swiftness             Air            0%         N/A       75%         3

Your spell library contained the following spells:

 Spells                   Type           Power      Damage    Failure   Level
 Freeze                   Ice            0%         1d3       36%         1
 Ensorcelled Hibernation  Hex/Ice        0%         N/A       50%         2
 Mercury Vapours          Alch/Air       0%         N/A       50%         2
 Frozen Ramparts          Ice            0%         1d1       75%         3
 Hailstorm                Conj/Ice       0%         3d5       75%         3
 Mephitic Cloud           Conj/Alch/Air  0%         N/A       75%         3
 Passwall                 Erth           0%         N/A       75%         3
 Summon Blazeheart Golem  Fire/Summ      0%         N/A       98%         4
 Freezing Cloud           Conj/Ice/Air   0%         6-21      100%        5
 Metabolic Englaciation   Hex/Ice        0%         N/A       100%        5
 Sculpt Simulacrum        Ice/Alch       0%         N/A       100%        6
 Orb of Destruction       Conj           0%         9d5       100%        7
 Spellforged Servitor     Conj/Summ      0%         N/A       100%        7


Dungeon Overview and Level Annotations

Branches:
Dungeon (7/15)             Temple (0/1) D:5           Sewer (visited)
 Bailey (1/1)

Altars:
Makhleb
Okawaru

Shops:
D:6 =


Innate Abilities, Weirdness & Mutations

You are a hulking beast.
Your limbs bulge with bestial killing power. (Slay +3)
You can breathe blasts of scalding, opaque steam.
Your pale cyan-grey scales are hard. (AC +7)
You cannot fit into any form of body armour.
You are cold-blooded and may be slowed by cold attacks.
You are immune to the effects of steam.


Message History

The spriggan barely misses you. The two-headed ogre closely misses you.
The two-headed ogre barely misses you.
The spriggan hits you with a +1 quarterstaff of draining.
You feel drained.
You miss the spriggan.
The spriggan is heavily wounded.
The spriggan hits you with a +3 scimitar of holy wrath.
You barely miss the spriggan.
Your tail-slap misses the spriggan.
The spriggan is heavily wounded.
The spriggan hits you with a +1 quarterstaff of draining!
You feel drained. The two-headed ogre closely misses you.
The two-headed ogre barely misses you. The spriggan barely misses you.
You are too injured to fight recklessly!
You are too injured to fight recklessly!
You are too injured to fight recklessly!
You are too injured to fight recklessly!
You are too injured to fight recklessly!
You are too injured to fight recklessly!
You are too injured to fight recklessly!
You are too injured to fight recklessly!
You are too injured to fight recklessly!
You are too injured to fight recklessly!
You are too injured to fight recklessly!
You are too injured to fight recklessly!
The spriggan attacks as it pursues you!
The spriggan hits you with a +1 quarterstaff of draining.
You feel drained.
The two-headed ogre attacks as it pursues you!
The two-headed ogre hits you from afar with a +0 halberd!
The two-headed ogre hits you from afar with a +0 halberd.
* * * LOW HITPOINT WARNING * * *
The spriggan hits you with a +1 quarterstaff of draining!
* * * LOW HITPOINT WARNING * * *
You feel drained.
* * * LOW HITPOINT WARNING * * *
Unknown command.
You miss the spriggan. You tail-slap the spriggan!
The spriggan is severely wounded.
The spriggan hits you with a +3 scimitar of holy wrath.
You die...

#########
##.......## #
##.......hi##
##
##..#######i.##
.## ##..##
##O.## ..#
##..## #♣..#
..###..#♣ #...#
..))~..♣ #...#
..~~~..# ♣~..#
..~~~..♣ ~~..#
..~~~..# #O..#


You could see a two-headed ogre and 2 spriggans.

Vanquished Creatures
  Maggie (D:6)
  Sigmund (D:5)
  Eustachio (D:4)
  Menkaure (D:4)
  A water moccasin (D:6)
  2 black bears
  2 ice beasts
  4 ogres
  A phantom (D:6)
  Blork the orc (D:4)
  3 kobold brigands
  3 scorpions (D:5)
  A bullfrog (D:7)
  A gnoll sergeant (D:7)
  A howler monkey (D:4)
  2 hounds
  A jelly (D:5)
  A sleepcap (D:6)
  Crazy Yiuf (D:6)
  5 iguanas
  3 orc wizards
  10 gnolls
  A river rat (Sewer)
  3 adders
  A shadow imp (D:6)
  A white imp (D:6)
  2 ufetubi (D:5)
  A dart slug (D:5)
  4 ribbon worms
  15 orcs
  5 endoplasms
  8 giant cockroaches
  7 goblins
  11 hobgoblins
  10 jackals
  7 quokkas
  2 ball pythons
  8 bats
  6 frilled lizards
  26 kobolds
  6 rats
171 creatures vanquished.

Notes
Turn   | Place    | Note
-------+----------+-------------------------------------------
     0 | D:1      | Gadfly the Draconian Shapeshifter began the quest for the
                  | Orb.
     0 | D:1      | Reached XP level 1. HP: 16/16 MP: 1/1
    79 | D:1      | Reached XP level 2. HP: 23/23 MP: 2/2
    84 | D:1      | Reached skill level 1 in Evocations
   196 | D:1      | Reached XP level 3. HP: 27/28 MP: 3/3
  1208 | D:2      | Found a faded altar of an unknown god.
  1426 | D:2      | Reached XP level 4. HP: 15/36 MP: 4/4
  2117 | D:3      | Reached XP level 5. HP: 41/41 MP: 5/5
  2653 | D:3      | Found an iron altar of Okawaru.
  2841 | D:4      | Found a glowing drain.
  2856 | Sewer    | Entered a sewer
  2970 | Sewer    | Reached XP level 6. HP: 27/50 MP: 6/6
  3101 | Sewer    | Found a white marble altar of Elyvilon.
  3439 | D:4      | Noticed Blork the orc
  3451 | D:4      | Killed Blork the orc
  3785 | D:4      | Reached skill level 4 in Unarmed Combat
  3974 | D:4      | Noticed Eustachio
  3993 | D:4      | HP: 2/50 [river rat[Eustachio] (7)]
  4149 | D:4      | Killed Eustachio
  4150 | D:4      | Your scales start taking on a pale cyan-grey colour.
  4150 | D:4      | Reached XP level 7. HP: 14/57 MP: 2/7
  4150 | D:4      | Gained mutation: You are immune to the effects of steam.
                  | [Pale Draconian growth]
  4487 | D:4      | Noticed Menkaure
  4495 | D:4      | Killed Menkaure
  4605 | D:5      | Entered Level 5 of the Dungeon
  4640 | D:5      | Noticed Sigmund
  4646 | D:5      | Killed Sigmund
  4887 | D:5      | Found a staircase to the Ecumenical Temple.
  4957 | D:5      | Reached XP level 8. HP: 48/66 MP: 6/8
  4959 | D:5      | Reached skill level 5 in Unarmed Combat
  5218 | D:5      | Reached skill level 5 in Shapeshifting
  5506 | D:5      | Reached skill level 5 in Dodging
  5794 | D:5      | Learned a level 3 spell: Ozocubu's Armour
  5871 | D:6      | Reached skill level 5 in Evocations
  6110 | D:6      | Found Qishuff's Jewellery Boutique.
  6156 | D:6      | Reached skill level 6 in Unarmed Combat
  6657 | D:6      | Reached XP level 9. HP: 52/73 MP: 6/9
  6884 | D:6      | Reached skill level 5 in Fighting
  6964 | D:6      | Noticed Maggie
  6988 | D:6      | Killed Maggie
  7341 | D:6      | Found a burning altar of Makhleb.
  7440 | D:6      | Found a runed translucent door.
  7441 | D:6      | Noticed Crazy Yiuf
  7445 | D:6      | Killed Crazy Yiuf
  7481 | D:6      | Learned a level 3 spell: Swiftness
  7530 | D:7      | Found a flagged portal.
  7621 | Bailey   | Entered a bailey
  7875 | Bailey   | Reached skill level 7 in Unarmed Combat
  7878 | Bailey   | Noticed a two-headed ogre
  7883 | Bailey   | HP: 1/66 [spriggan/+1 quarterstaff of draining (5)]
  7884 | Bailey   | Slain by a spriggan

Illustrated notes

Levels and vault maps discovered:
D:1:      tekkud_arrival_beachfront_property, layout_rooms
D:2:      layout_basic, chequers_ecumenical_altar_twisty, minmay_liquid_box
D:3:      cheibrodos_thug_alley, layout_rooms, mainiacjoe_overflow_alcove_4
D:4:      layout_cave_pods, gup_sewer_entry_pipe, uniq_menkaure,
          uniq_blork_the_orc, uniq_eustachio
D:5:      layout_basic, minmay_temple_entry_glassed_door,
          chequers_serial_rivers_micro_d, uniq_sigmund
D:6:      layout_loops_corners, lemuel_coloured_pillars_altar, serial_shops,
          nicolae_shop_just_a_little_nook, nicolae_titane,
          uniq_crazy_yiuf_cottage, uniq_maggie
D:7:      layout_basic, mainiacjoe_overflow_chevrons, enter_bailey_2,
          uniq_maurice
Bailey:   bailey_polearm_enchanted_keep_hellmonk, bailey

Skill      XL: |  1  2  3  4  5  6  7  8  9 |
---------------+----------------------------+-----
Dodging        | 2 3 4 5 |  5.8
Evocations     | 1 2 3 4 5 |  5.8
Fighting       | 2 3 4 5 |  5.4
Unarmed Combat | 4 6 7 |  7.0
Shapeshifting  | 4 5 6 |  6.5

Action                     |  1- 3 |  4- 6 |  7- 9 || total
---------------------------+-------+-------+-------++-------
  Melee: Unarmed           |   121 |    87 |   258 ||   466
         Tailslap          |    10 |    22 |    44 ||    76
         Punch             |     3 |     1 |    10 ||    14
         Dagger            |       |   114 |     5 ||   119
Ability: Begin Untransform |       |       |     2 ||     2
         Breathe Steam     |       |       |     2 ||     2
  Evoke: Wand              |       |     3 |       ||     3
    Use: Scroll            |     7 |     2 |     5 ||    14
         Potion            |       |     1 |     2 ||     3
   Stab: Sleeping          |     1 |     1 |       ||     2
 Armour: Skin              |   100 |   151 |   163 ||   414
  Dodge: Dodged            |   108 |   173 |   166 ||   447
   Form: Beast             |       |       |     2 ||     2
         Flux              |       |       |     1 ||     1
